 Dungeon Crawl Stone Soup version 0.27-a0-1184-ge86db4a01e (webtiles) character file.

Game seed: 11014117402243094697

9242 rjrrt the Cleaver (level 11, -11/83 HPs)
             Began as a Demonspawn Berserker on May 18, 2021.
             Was an Elder of Trog.
             Mangled by a naga
             ... wielding a +0 trident
              (21 damage)
             ... on level 2 of the Lair of Beasts.
             The game lasted 00:21:46 (12942 turns).

rjrrt the Cleaver (Demonspawn Berserker)           Turns: 12942, Time: 00:21:46

Health: -11/83     AC: 12    Str: 21    XL:     11   Next: 20%
Magic:  11/11      EV:  8    Int:  5    God:    Trog [****..]
Gold:   1711       SH:  4    Dex: 13    Spells: 10/10 levels left

rFire    + . .     SeeInvis .   a - +6 demon trident (freeze)
rCold    + . .     Faith    +   (no shield)
rNeg     + . .     Spirit   .   q - +2 scale mail {rC+}
rPois    +         Reflect  .   (helmet restricted)
rElec    +         Harm     .   (no cloak)
rCorr    .         Rampage  .   w - +1 pair of gloves
Will     .....                  x - +0 pair of boots
Stlth    ..........             p - amulet of faith
HPRegen  0.23/turn              g - ring of poison resistance
MPRegen  0.12/turn              i - ring "Riojig" {rElec rF+ rN+ Int-3}

@: constricted, studying Fighting
A: horns 2, large bone plates 1, foul stench 1, demonic magic 2
a: Renounce Religion, Berserk, Trog's Hand, Brothers in Arms


You were on level 2 of the Lair of Beasts.
You worshipped Trog.
Trog was greatly pleased with you.
You visited 2 branches of the dungeon, and saw 11 of its levels.

You collected 1711 gold pieces.

Inventory:

Hand Weapons
 a - a +6 demon trident of freezing (weapon)
 b - a +0 war axe
 r - a +5 executioner's axe of freezing
Missiles
 e - 5 javelins (quivered)
 f - 6 atropa-tipped darts
 j - 2 curare-tipped darts
Armour
 q - a +2 scale mail of cold resistance (worn)
 w - a +1 pair of gloves (worn)
 x - a +0 pair of boots (worn)
Jewellery
 g - a ring of poison resistance (left hand)
 i - the ring "Riojig" (right hand) {rElec rF+ rN+ Int-3}
   (You acquired it on level 5 of the Dungeon)

   [ring of protection from fire]

   It affects your intelligence (-3).
   It protects you from fire.
   It insulates you from electricity.
   It protects you from negative energy.
 p - an amulet of faith (around neck)
 t - a ring of willpower
 u - a ring of resist corrosion
Wands
 A - a wand of polymorph (6)
 C - a wand of paralysis (12)
 D - a wand of acid (6)
Scrolls
 c - a scroll of enchant armour
 h - 5 scrolls of teleportation
 m - a scroll of blinking
 n - 2 scrolls of fog
 z - 4 scrolls of immolation
Potions
 d - 6 potions of might
 k - 3 potions of curing
 l - a potion of ambrosia
 o - 3 potions of lignification
 s - a potion of flight
 v - a potion of mutation


   Skills:
 - Level 6.4 Fighting
 * Level 14.1 Axes
 - Level 4.3 Armour
 - Level 4.3 Dodging


You had 10 spell levels left.
You didn't know any spells.
Your spell library was empty.

Dungeon Overview and Level Annotations

Branches:
Dungeon (9/15)             Temple (0/1) D:7            Lair (2/6) D:9
 Shoals (0/4) Lair:2        Snake (0/4) Lair:2
    Orc: D:9-12

Altars:
Ashenzari
Elyvilon
Gozag
Hepliaklqana
Qazlal
Ru
Sif Muna
Wu Jian
Yredelemnul
The Shining One

Annotations:
Lair:2 2 transporters, Kiunuop's ghost, journeyman TeCj


Innate Abilities, Weirdness & Mutations

You have a pair of horns on your head.
You are partially covered in large bone plates. (SH +4)
You may rarely emit foul miasma when damaged in melee.
Spells you cast may paralyse nearby enemies.


Message History

You reach to attack!
You barely miss the naga.
The wolf stops to sniff the ground.
The naga spits poison at you. The splash of poison misses you.
You reach to attack!
You hit the naga. You freeze the naga.
The naga is lightly wounded.
The naga hits you from afar with a +0 trident.
Unknown command.
You reach to attack!
You puncture the naga! You freeze the naga.
The naga is severely wounded.
You reach to attack!
You closely miss the naga.
The naga is severely wounded.
The naga hits you from afar with a +0 trident!
You reach to attack!
You closely miss the naga.
The naga is severely wounded.
The naga hits you from afar with a +0 trident!
You are too injured to fight recklessly!
You are too injured to fight recklessly!
You are too injured to fight recklessly!
You are too injured to fight recklessly!
You block the naga's attack. The naga grabs you. The naga constricts you.
Things that are here:
a yak corpse; a yak corpse; a yak corpse Unknown command.
You closely miss the naga.
The naga is heavily wounded.
The naga hits you with a +0 trident!
* * * LOW HITPOINT WARNING * * *
x2 The naga constricts you.
Unknown command.
You hit the naga. You freeze the naga. Your headbutt misses the naga.
The naga is severely wounded.
The naga hits you but does no damage.
* * * LOW HITPOINT WARNING * * *
The naga constricts you.
Unknown command.
You closely miss the naga.
The naga is severely wounded.
The naga hits you with a +0 trident!!
You die...

...............# #.##.
...............####.##.. .# .#
...............#...##8≈. .8# .
....>..........[#.##..#. .#≈.##
.................##....# #$≈..#
.†...........<...#h#...#. .##..#.
##..............©#F#S.#?. FF#≈.#©
#...............#F#Fk##...##.≈#F
#.............N@##YFl.##l#..≈kF#
###.............#.##FF#.###.#Y≈##
#..........)..####.##8≈...$k.8##.
..........)...# #..##..≈F≈[≈##..
..........)##†####...##.###.##.##
.........###...##...#.##.Fh##.##
.......P..#.....#..#.#.#####.##
.....†#####.N...##.####.....##
.........#..###..#..# ##.#P##


You could see a yak, 2 cane toads, a basilisk, a blink frog, a rime drake, a
water moccasin, a naga, a wolf and 2 bullfrogs.

Vanquished Creatures
  A boulder beetle (Lair:2)
  Urug (Lair:2)
  2 cane toads
  3 komodo dragons
  A hornet (D:9)
  A polar bear (Lair:2)
  Sigmund (D:6)
  A wraith (D:6)
  7 yaks
  2 basilisks (D:9)
  A wyvern (D:9)
  Edmund (D:4)
  3 nagas (Lair:2)
  5 water moccasins
  An orc warrior (D:8)
  A sky beast (D:5)
  A black bear (Lair:1)
  3 centaurs
  3 ogres
  A necrophage (D:4)
  A phantom (D:5)
  3 kobold brigands
  A gnoll sergeant (D:4)
  6 bullfrogs
  A wyvern zombie (D:7)
  3 scorpions (D:5)
  7 howler monkeys
  A bullfrog zombie (D:5)
  4 hounds
  A jelly (D:4)
  3 orc priests
  3 iguanas
  2 bullfrog skeletons
  Terence (D:2)
  14 orc wizards
  A scorpion zombie (D:5)
  15 gnolls
  4 adders (D:5)
  A shadow imp (D:5)
  2 white imps (D:5)
  An adder skeleton (D:5)
  2 worms (D:2)
  4 dart slugs
  33 orcs
  6 ball pythons
  5 endoplasms
  4 giant cockroaches
  8 hobgoblins
  5 jackals
  4 quokkas
  3 bats
  2 frilled lizards (D:3)
  10 goblins
  17 kobolds
  5 rats
223 creatures vanquished.

Vanquished Creatures (collateral kills)
  A manticore (Lair:2)
  A wind drake (Lair:2)
2 creatures vanquished.

Vanquished Creatures (others)
  5 fungi
  8 plants
13 creatures vanquished.

Grand Total: 238 creatures vanquished

Notes
Turn   | Place    | Note
-------+----------+-------------------------------------------
     0 | D:1      | rjrrt the Demonspawn Berserker began the quest for the Orb.
     0 | D:1      | Reached XP level 1. HP: 18/18 MP: 1/1
    84 | D:1      | Reached skill level 3 in Axes
   132 | D:1      | Gained mutation: You have a pair of small horns on your
                  | head. [demonic ancestry]
   132 | D:1      | Reached XP level 2. HP: 21/24 MP: 2/2
   188 | D:1      | Found a faded altar of an unknown god.
   731 | D:1      | Reached ** piety under Trog
   735 | D:1      | Gained mutation: You have a pair of horns on your head.
                  | [demonic ancestry]
   735 | D:1      | Reached XP level 3. HP: 29/29 MP: 3/3
  1158 | D:2      | Reached skill level 4 in Axes
  1507 | D:2      | Noticed Terence
  1516 | D:2      | Killed Terence
  1517 | D:2      | Reached XP level 4. HP: 35/35 MP: 4/4
  2129 | D:3      | Noticed an ogre
  2138 | D:3      | Killed an ogre
  2139 | D:3      | Reached skill level 5 in Axes
  2139 | D:3      | Reached XP level 5. HP: 41/41 MP: 5/5
  2435 | D:3      | Found an ornate altar of the Wu Jian Council.
  2861 | D:4      | Found a stormy altar of Qazlal.
  3163 | D:4      | Reached skill level 6 in Axes
  3313 | D:4      | Gained mutation: You are partially covered in large bone
                  | plates. (SH +4) [demonic ancestry]
  3313 | D:4      | Reached XP level 6. HP: 34/47 MP: 6/6
  3420 | D:4      | Noticed a water elemental
  3423 | D:4      | Noticed a fire elemental
  3424 | D:4      | Noticed an air elemental
  3551 | D:4      | Reached *** piety under Trog
  3589 | D:4      | Reached skill level 7 in Axes
  3971 | D:4      | Noticed Edmund
  3987 | D:4      | Killed Edmund
  3988 | D:4      | Reached XP level 7. HP: 52/52 MP: 1/7
  4278 | D:5      | Entered Level 5 of the Dungeon
  4472 | D:5      | Reached skill level 8 in Axes
  4800 | D:5      | Reached skill level 9 in Axes
  4800 | D:5      | Gained mutation: Spells you cast may paralyse adjacent
                  | enemies. [demonic ancestry]
  4800 | D:5      | Reached XP level 8. HP: 58/58 MP: 8/8
  4936 | D:5      | Found a sacrificial altar of Ru.
  5738 | D:5      | Identified 2 scrolls of acquirement
  5738 | D:5      | Acquired the ring "Riojig" {rElec rF+ rN+ Int-3}
  5764 | D:5      | Acquired 1084 gold pieces
  6476 | D:6      | Reached **** piety under Trog
  6632 | D:6      | Acquired a manual of Fighting
  6814 | D:6      | Noticed Sigmund
  6825 | D:6      | Killed Sigmund
  6826 | D:6      | Reached skill level 10 in Axes
  7132 | D:6      | Gained mutation: You may rarely emit foul miasma when
                  | damaged in melee. [demonic ancestry]
  7132 | D:6      | Reached XP level 9. HP: 66/66 MP: 9/9
  7138 | D:6      | Found a shimmering blue altar of Sif Muna.
  7538 | D:7      | Found a staircase to the Ecumenical Temple.
  7553 | D:7      | Found a hazy altar of Hepliaklqana.
  7777 | D:7      | Reached skill level 5 in Fighting
  8266 | D:8      | Found an opulent altar of Gozag.
  8937 | D:8      | Reached ***** piety under Trog
  8995 | D:8      | Found a broken altar of Ashenzari.
  9510 | D:9      | Received a gift from Trog
  9944 | D:9      | Reached skill level 11 in Axes
 10073 | D:9      | Found a staircase to the Lair.
 10264 | D:9      | Gained mutation: Spells you cast may paralyse nearby
                  | enemies. [demonic ancestry]
 10264 | D:9      | Reached XP level 10. HP: 64/77 MP: 10/10
 10533 | D:9      | Found a basalt altar of Yredelemnul.
 10693 | Lair:1   | Entered Level 1 of the Lair of Beasts
 10898 | Lair:1   | Noticed a cane toad
 10918 | Lair:1   | Killed a cane toad
 10919 | Lair:1   | Reached skill level 12 in Axes
 11858 | Lair:2   | Noticed a manticore
 11859 | Lair:2   | Found a staircase to the Shoals.
 11866 | Lair:2   | Killed a manticore
 12032 | Lair:2   | Noticed Urug
 12032 | Lair:2   | Noticed a cane toad
 12042 | Lair:2   | Killed a cane toad
 12053 | Lair:2   | Killed Urug
 12054 | Lair:2   | Reached skill level 13 in Axes
 12344 | Lair:2   | Found a transporter.
 12346 | Lair:2   | Found a transporter.
 12355 | Lair:2   | Noticed a cane toad
 12356 | Lair:2   | Noticed a cane toad
 12418 | Lair:2   | Noticed a boulder beetle
 12435 | Lair:2   | Killed a boulder beetle
 12436 | Lair:2   | Reached XP level 11. HP: 76/83 MP: 11/11
 12547 | Lair:2   | Noticed Kiunuop's ghost (journeyman TeCj)
 12890 | Lair:2   | Found a staircase to the Snake Pit.
 12910 | Lair:2   | Reached skill level 14 in Axes
 12942 | Lair:2   | Mangled by a naga

Illustrated notes

Levels and vault maps discovered:
D:1:      lightli_arrival_noodles, layout_basic, basic_ecumenical_altar
D:2:      layout_loops_corners, uniq_terence
D:3:      layout_basic, pdpol_wu_jian_five_deadly_venoms,
          minmay_misc_feat_diagonals, guppyfry_early_orc_mine
D:4:      layout_gridville, nicolae_qazlal_style_of_elements, uniq_edmund
D:5:      minmay_chambers_of_threes, layout_basic,
          nicolae_ru_sacrificial_ziggurat
D:6:      layout_loops_ring, tgw_sif, elyvilon_altar_5, uniq_sigmund
D:7:      layout_loops_corners, lemuel_doored_altar, temple_pool_b
D:8:      layout_rooms, tso_metal_star, overflow_temple_1_default,
          ashenzari_conservatory_becter
D:9:      minmay_flawed_box, layout_basic, lemuel_coloured_pillars_altar,
          david_lair_generic, skrybe_limestone_x
Lair:1:   layout_cave_pods
Lair:2:   layout_cave_pods, minmay_shoals_entry_beasts,
          minmay_snake_entry_guardpost_medium, nzn_ghost_randoct,
          serial_bayou_shore_a, uniq_urug

Skill      XL: |  1  2  3  4  5  6  7  8  9 10 11 |
---------------+----------------------------------+-----
Axes           | 3 4 5 6 7 9 10 11 13 14 | 14.1
Armour         | 3 4 |  4.3
Dodging        | 3 4 |  4.3
Fighting       | 4 6 |  6.4

Action                   |  1- 3 |  4- 6 |  7- 9 | 10-12 || total
-------------------------+-------+-------+-------+-------++-------
Melee: Hand axe          |    90 |   135 |   459 |    97 ||   781
       Headbutt          |    14 |    28 |   100 |    36 ||   178
       Demon trident     |       |       |       |    68 ||    68
       Unarmed           |       |       |       |     2 ||     2
Throw: Boomerang         |       |     4 |    17 |     4 ||    25
Invok: Berserk           |     2 |     4 |     6 |     5 ||    17
       Brothers in Arms  |       |       |       |     1 ||     1
Evoke: Wand              |       |       |       |     1 ||     1
  Use: Scroll            |       |       |    20 |     2 ||    22
       Potion            |       |       |       |     1 ||     1
Armor: Animal skin       |     2 |       |       |       ||     2
       Leather armour    |     7 |       |       |       ||     7
       Chain mail        |    28 |    18 |       |       ||    46
       Plate armour      |       |    32 |       |       ||    32
       Scale mail        |       |    12 |   142 |    30 ||   184
Dodge: Dodged            |    48 |    33 |   156 |    38 ||   275
Block: Other             |       |     9 |    45 |    24 ||    78

Table legend: (Time is in decaauts)
 A = Elapsed time spent in this place.
 B = Non-inter-level travel time spent in this place.
 C = Inter-level travel time spent in this place.
 D = Time resting spent in this place.
 E = Time spent auto-exploring this place.
 F = Levels seen in this place.
 G = Mean time per level.
                   A        B        C        D        E       F      G
               +--------+--------+--------+--------+--------+-----+--------+
         Total |  12995 |  12729 |    266 |   2296 |   8188 |  11 | 1181.4 |
       Dungeon |  10745 |  10514 |    231 |   1589 |   7044 |   9 | 1193.9 |
          Lair |   2250 |   2215 |     35 |    706 |   1144 |   2 | 1125.0 |
               +--------+--------+--------+--------+--------+-----+--------+

Top non-repeatable levels by time:
     D:5: 1627 daAuts
     D:4: 1463 daAuts
     D:9: 1379 daAuts
     D:6: 1317 daAuts
  Lair:2: 1152 daAuts
  Lair:1: 1097 daAuts
     D:8: 1034 daAuts
     D:7: 1033 daAuts
     D:1: 1015 daAuts
     D:3: 972 daAuts
     D:2: 901 daAuts
